AoeStats
← oscarugoster

Arabia

509464547Analyzed
3v3 RM · 5d ago on Sep 26, 2026· 50m 59s· 6 players
Game mode
Random Map
Map size
Normal (6 player)
Population
200
Speed
Normal
Resources
Standard
Victory
Conquest
Starting age
Dark Age
Ending age
Imperial Age
RankedLock teamsTeams togetherTeam positionsShared explorationLock speedFull tech treeHidden civsTurbo modeCheats
Victory
Defeat
🇨🇴 Goths · Colombia
750
+18
🇨🇴 Celts · Colombia
728
+19
🇨🇴 Tatars · Colombia
701
+19
🇧🇷 Magyars · Brazil
814
-20
🇧🇷 Varangians · Brazil
772
-18
🇧🇷 Romans · Brazil
763
-18
oscarugoster
11:12 Feudal Age
9:31 Loom
12:28 Wheelbarrow
11:43 Double-Bit Axe
11:41 Horse Collar
14:08 Gold Mining
19:21 Castle Age
18:35 Scale Mail Armor
18:46 Forging
18:26 Fletching
18:37 Padded Archer Armor
18:58 Stone Mining
19:38 Town Watch
20:22 Hand Cart
20:53 Heavy Plow
28:38 Bow Saw
28:49 Chain Mail Armor
29:10 Iron Casting
33:42 Bow Saw
34:25 Pikeman
35:05 Squires
35:20 Bodkin Arrow
37:29 Anarchy
38:54 Leather Archer Armor
40:48 Stone Shaft Mining
51:00 Imperial Age
SebasOcampo72
2:43 Loom
13:40 Feudal Age
14:39 Double-Bit Axe
19:27 Castle Age
19:24 Forging
22:04 Husbandry
28:42 Iron Casting
28:52 Bloodlines
32:01 Wheelbarrow
35:15 Fletching
37:24 Hand Cart
46:04 Bodkin Arrow
gabrielnaranjo567
4:22 Loom
11:23 Feudal Age
14:10 Double-Bit Axe
21:10 Castle Age
21:35 Arson
22:27 Bow Saw
22:56 Pikeman
29:37 Stone Mining
29:38 Gold Mining
29:18 Man-at-Arms
29:44 Gambesons
37:13 Wheelbarrow
39:24 Hand Cart
43:48 Imperial Age
42:06 Stone Shaft Mining
42:07 Gold Shaft Mining
43:39 Stronghold
44:02 Capped Ram
44:49 Halberdier
47:44 Forging
49:55 Siege Ram
50:57 Elite Woad Raider
wesley1611
10:40 Feudal Age
11:25 Horse Collar
11:32 Double-Bit Axe
15:25 Man-at-Arms
20:33 Scale Mail Armor
22:14 Padded Archer Armor
22:25 Forging
25:51 Castle Age
26:38 Husbandry
26:47 Squires
29:23 Chain Mail Armor
29:00 Fletching
32:48 Heavy Plow
33:03 Bow Saw
35:33 Elite Skirmisher
35:34 Crossbowman
36:44 Stone Mining
36:45 Gold Mining
36:46 Town Watch
37:37 Wheelbarrow
39:46 Gold Shaft Mining
38:44 Pikeman
41:04 Scale Barding Armor
48:42 Town Patrol
Paulino
10:56 Feudal Age
9:12 Loom
13:59 Bloodlines
18:14 Scale Barding Armor
22:56 Forging
29:59 Castle Age
29:16 Horse Collar
30:22 Arson
32:05 Husbandry
32:45 Iron Casting
32:30 Chain Barding Armor
36:30 Gambesons
Samurai_z
7:52 Loom
10:50 Feudal Age
11:47 Double-Bit Axe
11:47 Horse Collar
15:09 Wheelbarrow
17:04 Fletching
17:14 Padded Archer Armor
19:05 Scale Barding Armor
19:51 Bloodlines
21:35 Padded Archer Armor
21:34 Arson
22:19 Gold Mining
23:13 Man-at-Arms
28:02 Castle Age
27:40 Town Watch
37:44 Stone Mining
49:53 Leather Archer Armor
49:39 Scale Mail Armor
Connection lost

Rejoining the realm…

Still unreachable

The connection could not be restored.

Session expired

The server has moved on; the page needs a fresh start.